 Dungeon Crawl Stone Soup version 0.27.1-3-gb3d3a73c9e (webtiles) character file.

Game seed: 6980317707642678575

112 ABBCCCDDDD the Sneak (level 4, 0/29 HPs)
             Began as an Octopode Hedge Wizard on Oct 20, 2021.
             Slain by a scorpion (9 damage)
             ... on level 5 of the Dungeon.
             The game lasted 00:06:51 (4331 turns).

ABBCCCDDDD the Sneak (Octopode Hedge Wizard)        Turns: 4331, Time: 00:06:51

Health: 0/29       AC:  1    Str:  9    XL:     4   Next: 95%
Magic:  6/17       EV: 13    Int: 17    God:
Gold:   126        SH:  0    Dex: 11    Spells: 3/9 levels left

rFire    . . .     SeeInvis .   i - staff of poison
rCold    . . .     Faith    .   (no shield)
rNeg     . . .     Spirit   .   b - +0 hat
rPois    +         Reflect  .   t - amulet of magic regeneration
rElec    .         Harm     .   f - ring of magical power
rCorr    .         Rampage  .   (no ring)
Will     .....                  (no ring)
Stlth    +++.......             (no ring)
HPRegen  0.09/turn              (no ring)
MPRegen  0.40/turn              (no ring)
                                (no ring)
                                (no ring)

@: no status effects
A: almost no armour, amphibious, 8 rings, camouflage 1, gelatinous body 1,
(nimble swimmer 1), tentacles
a: no special abilities


You were on level 5 of the Dungeon.
You visited 1 branch of the dungeon, and saw 5 of its levels.

You collected 126 gold pieces.

Inventory:

Hand Weapons
 a - a +0 dagger
 u - a +0 rapier
Missiles
 g - 6 javelins
 h - 12 poisoned darts
 j - 2 boomerangs of dispersal
Armour
 b - a +0 hat (worn)
 e - a +2 tower shield of resistance
Magical Staves
 i - a staff of poison (weapon)
Jewellery
 f - a ring of magical power (left tentacle)
 t - an amulet of magic regeneration (around mantle)
Scrolls
 d - a scroll of magic mapping {unknown}
 l - 2 scrolls of noise {unknown}
 n - a scroll of immolation {unknown}
 p - a scroll of brand weapon {unknown}
 q - a scroll of fear {unknown}
 r - 5 scrolls of identify {unknown}
 s - 2 scrolls of acquirement {unknown}
Potions
 c - a potion of attraction {unknown}
 k - a potion of ambrosia {unknown}
 m - 2 potions of lignification {unknown}
 o - a potion of curing {unknown}


   Skills:
 - Level 2.0 Fighting
 - Level 2.0 Dodging
 + Level 4.4 Stealth
 - Level 3.0 Spellcasting
 + Level 2.5 Conjurations
 - Level 1.0 Summonings
 + Level 1.2 Translocations
 + Level 0.6 Air Magic
 + Level 0.8 Poison Magic


You had 3 spell levels left.
You knew the following spells:

 Your Spells              Type           Power      Damage    Failure   Level
a - Magic Dart            Conj           44%        1d5       6%          1
b - Blink                 Tloc           N/A        N/A       16%         2
c - Mephitic Cloud        Conj/Pois/Air  10%        N/A       30%         3

Your spell library contained the following spells:

 Spells                   Type           Power      Damage    Failure   Level
 Call Imp                 Summ           5%         N/A       17%         2
 Slow                     Hex            2%         N/A       26%         2
 Conjure Flame            Conj/Fire      6%         6-21      30%         3


Dungeon Overview and Level Annotations

Branches:
Dungeon (5/15)
 Temple: D:4-7

Altars:

Shops:
D:1 [[[*

Annotations:
D:3 Grinder, Terence
D:4 exclusion: ice beast
D:5 Blork the orc


Innate Abilities, Weirdness & Mutations

You cannot wear most types of armour.
You are amphibious.
You can wear up to eight rings at the same time.
Your skin changes colour to match your surroundings (Stealth+).
Your rubbery body absorbs attacks. (AC +1, EV +1)
((You are camouflaged near water. (Stealth+)))
You have tentacles for arms and can constrict up to eight enemies at once.


Message History

Confirm with . or Enter, or press ? or * to list all spells.
Aiming: Magic Dart (safe; 6% risk of failure)
Press: ? - help, Shift-Dir - straight line, f/p - scorpion
Aim: a scorpion (heavily wounded, 100% to hit)
The magic dart hits the scorpion.
The scorpion is heavily wounded.
The scorpion misses you. The scorpion closely misses you.
Casting: Magic Dart (safe; 6% risk of failure)
Confirm with . or Enter, or press ? or * to list all spells.
Aiming: Magic Dart (safe; 6% risk of failure)
Press: ? - help, Shift-Dir - straight line, f/p - scorpion
Aim: a scorpion (heavily wounded, 100% to hit)
The magic dart hits the scorpion but does no damage.
The scorpion is heavily wounded.
The scorpion misses you.
Casting: Magic Dart (safe; 6% risk of failure)
Confirm with . or Enter, or press ? or * to list all spells.
Aiming: Magic Dart (safe; 6% risk of failure)
Press: ? - help, Shift-Dir - straight line, f/p - scorpion
Aim: a scorpion (heavily wounded, 100% to hit)
The magic dart hits the scorpion.
The scorpion is heavily wounded.
The scorpion barely misses you.
Casting: Magic Dart (safe; 6% risk of failure)
Confirm with . or Enter, or press ? or * to list all spells.
Aiming: Magic Dart (safe; 6% risk of failure)
Press: ? - help, Shift-Dir - straight line, f/p - scorpion
Aim: a scorpion (heavily wounded, 100% to hit)
The magic dart hits the scorpion but does no damage.
The scorpion is heavily wounded.
The scorpion stings you.
Casting: Magic Dart (safe; 6% risk of failure)
Confirm with . or Enter, or press ? or * to list all spells.
Aiming: Magic Dart (safe; 6% risk of failure)
Press: ? - help, Shift-Dir - straight line, f/p - scorpion
Aim: a scorpion (heavily wounded, 100% to hit)
The magic dart hits the scorpion but does no damage.
The scorpion is heavily wounded.
The scorpion stings you!
You die...

# #..# .... #..#
.# #..# ...#
#..# #### #).#
#(.# #..# #.s#
#.@# #..# #..#
#..# #..# #.##
#.#
##############.#
...............#


You could see a scorpion.

Levels and vault maps discovered:
D:1:      heliophobic_arrival_henge, layout_basic, serial_shops, shop,
          nicolae_diamond_shop, nicolae_shop_overgrown_old_shop, shop,
          minmay_tromino_v2
D:2:      layout_basic, dreamdust_ecumenical_altar_angels_and_demons,
          hangedman_decor_lopped, st_stairs_1
D:3:      layout_basic, uniq_grinder, uniq_terence
D:4:      minmay_razor_zed, layout_loops_ring, mainiacjoe_overflow_divided_tiny,
          serial_shops, nicolae_shop_window_shopping, minmay_bisected,
          uniq_pikel
D:5:      layout_loops_ring, uniq_blork_the_orc

Notes
Turn   | Place    | Note
-------+----------+-------------------------------------------
     0 | D:1      | ABBCCCDDDD the Octopode Hedge Wizard began the quest for
                  | the Orb.
     0 | D:1      | Reached XP level 1. HP: 11/11 MP: 4/4
   158 | D:1      | Found Gine Ehunn's Assorted Antiques.
   198 | D:1      | Found Niluunuo's Antique Armour Emporium.
   238 | D:1      | Reached skill level 3 in Stealth
   380 | D:1      | Reached XP level 2. HP: 18/18 MP: 4/6
   621 | D:1      | Found Qadd's Antique Armour Boutique.
   748 | D:1      | Found Utat's Armour Shoppe.
  1185 | D:2      | Reached skill level 1 in Fighting
  1341 | D:2      | Reached XP level 3. HP: 20/23 MP: 5/7
  1892 | D:2      | Found a faded altar of an unknown god.
  2298 | D:3      | Noticed Grinder
  2307 | D:3      | Paralysed by Grinder for 6 turns
  2667 | D:3      | Reached skill level 4 in Stealth
  2777 | D:3      | Reached XP level 4. HP: 29/29 MP: 8/8
  3378 | D:4      | Learned a level 2 spell: Blink
  3382 | D:4      | Learned a level 3 spell: Mephitic Cloud
  3547 | D:4      | Noticed a lemure
  3743 | D:4      | Noticed an ice beast
  3817 | D:4      | Noticed a lemure
  3817 | D:4      | Noticed a lemure
  3841 | D:5      | Entered Level 5 of the Dungeon
  3841 | D:5      | Noticed a black bear
  3851 | D:5      | Noticed Blork the orc
  3924 | D:5      | Noticed an ice beast
  4144 | D:3      | Noticed Terence
  4309 | D:5      | Noticed a scorpion
  4331 | D:5      | Slain by a scorpion

Table legend: (Time is in decaauts)
 A = Elapsed time spent in this place.
 B = Non-inter-level travel time spent in this place.
 C = Inter-level travel time spent in this place.
 D = Time resting spent in this place.
 E = Time spent auto-exploring this place.
 F = Levels seen in this place.
 G = Mean time per level.
                   A        B        C        D        E       F      G
               +--------+--------+--------+--------+--------+-----+--------+
         Total |   4333 |   4083 |    250 |    976 |   2498 |   5 |  866.6 |
       Dungeon |   4333 |   4083 |    250 |    976 |   2498 |   5 |  866.6 |
               +--------+--------+--------+--------+--------+-----+--------+

Top non-repeatable levels by time:
     D:2: 1356 daAuts
     D:1: 1182 daAuts
     D:3: 841 daAuts
     D:4: 778 daAuts
     D:5: 173 daAuts

Table legend:
 A = Kills in this place as a percentage of kills in entire the game.
 B = Kills by you in this place as a percentage of kills by you in the entire game.
 C = Kills by friends in this place as a percentage of kills by friends in the entire game.
 D = Other kills in this place as a percentage of other kills in the entire game.
 E = Experience gained in this place as a percentage of experience gained in the entire game.
 F = Experience gained in this place divided by the number of levels of this place that you have seen.
                   A       B       C       D       E      F
               +-------+-------+-------+-------+-------+----------------------
         Total | 100.0 | 100.0 |   N/A |   N/A | 100.0 |  32.2
       Dungeon | 100.0 | 100.0 |   N/A |   N/A | 100.0 |  32.2
               +-------+-------+-------+-------+-------+----------------------

Action                   |  1- 3 |  4- 6 || total
-------------------------+-------+-------++-------
Melee: Dagger            |     8 |       ||     8
       Constrict         |     1 |       ||     1
       Tentacles         |     1 |       ||     1
 Cast: Magic Dart        |    96 |    86 ||   182
       Blink             |       |     1 ||     1
  Use: Scroll            |     1 |       ||     1
 Stab: Sleeping          |     4 |       ||     4
Armor: Skin              |     1 |     1 ||     2
Dodge: Dodged            |    11 |    14 ||    25

Vanquished Creatures
  A howler monkey skeleton (D:5)
  3 adders
  An ufetubus (D:5)
  2 worms (D:2)
  A dart slug (D:4)
  2 orcs
  9 endoplasms
  8 goblins
  7 hobgoblins
  2 jackals (D:3)
  A quokka (D:2)
  4 ball pythons
  3 bats
  3 frilled lizards
  7 kobolds
  5 rats
59 creatures vanquished.
